 Dungeon Crawl Stone Soup version 0.29-a0-330-g52719c12eb (webtiles) character file.

Game seed: 7064013589787989239

140 Alarak the Chopper (level 5, -21/45 HPs)
             Began as a Hill Orc Monk on Apr 21, 2022.
             Killed by an exploding adder (22 damage)
             ... ignited by their inner flame
             ... on level 3 of the Dungeon.
             The game lasted 00:03:50 (2079 turns).

Alarak the Chopper (Hill Orc Monk)                  Turns: 2079, Time: 00:03:51

Health: -21/45     AC: 12    Str: 16    XL:     5   Next: 22%
Magic:  5/5        EV:  9    Int: 10    God:
Gold:   96         SH:  0    Dex: 13    Spells: 4/4 levels left

rFire   . . .      SeeInvis .   a - +0 hand axe
rCold   . . .      Faith    +   (no shield)
rNeg    . . .      Spirit   .   y - +0 plate armour
rPois   .          Reflect  .   m - +0 helmet
rElec   .          Harm     .   (no cloak)
rCorr   .          Rampage  .   j - +0 pair of gloves
Will    .....                   (no boots)
Stlth   ..........              h - amulet of faith
HPRegen 0.15/turn               f - +4 ring of evasion
MPRegen 0.09/turn               (no ring)

@: no status effects
A: no striking features
a: no special abilities


You were on level 3 of the Dungeon.
You visited 1 branch of the dungeon, and saw 3 of its levels.

You collected 96 gold pieces.

Inventory:

Hand Weapons
 a - a +0 hand axe (weapon)
Armour
 j - a +0 pair of gloves (worn)
 m - a +0 helmet (worn)
 y - a +0 plate armour (worn)
Jewellery
 f - a +4 ring of evasion (left hand)
 h - an amulet of faith (around neck)
Scrolls
 d - 2 scrolls of teleportation
 p - 2 scrolls of identify
Potions
 c - a potion of ambrosia
 e - 3 potions of curing
 g - a potion of degeneration
 i - a potion of lignification {unknown}
 k - 2 potions of heal wounds {unknown}
 o - a potion of mutation {unknown}
 q - a potion of haste {unknown}
 u - a potion of flight {unknown}


   Skills:
 - Level 3.6 Fighting
 + Level 7.6 Axes
 - Level 2.4 Dodging
 - Level 1.5 Stealth


You had 4 spell levels left.
You didn't know any spells.
Your spell library was empty.

Dungeon Overview and Level Annotations

Branches:
Dungeon (3/15)

Altars:
Kikubaaqudgha


Message History

Your ball python constricts the quokka.
Your adder bites the quokka.
The quokka closely misses your orc wizard.
Your ball python barely misses the quokka.
Your ball python constricts the quokka.
Your orc hits the quokka but does no damage.
Something bites your adder. Flame seeps out of your adder.
Your ball python loses its grip on something.
Something closely misses your orc.
Your adder closely misses the quokka.
The quokka closely misses your adder.
The adder bites your orc but does no damage.
Your orc hits the quokka but does no damage.
Your orc misses the quokka.
Your adder bites the quokka.
The quokka dies!
Your orc wizard points at the adder and mumbles some strange words.
The puff of flame hits the adder.
Your orc dissolves into shadows!
The adder closely misses your orc wizard.
Your orc wizard closely misses the adder.
Your orc dissolves into shadows!
Your orc wizard dissolves into shadows!
The adder closely misses your adder.
The orc hits your orc with a +0 falchion.
Flame seeps out of your orc.
The adder barely misses your ball python.
Your adder closely misses the orc.
Your orc is engulfed in blazing flames.
Your orc's corpse dissolves into shadows!
Your orc explodes!
The fiery explosion engulfs the adder!!!
You kill the adder!
The fiery explosion engulfs your adder!!
Your adder's corpse dissolves into shadows!
The fiery explosion engulfs the orc!!
You kill the orc!
The fiery explosion engulfs you!!!
Ouch! That really hurt!
* * * LOW HITPOINT WARNING * * *
Your adder explodes!
The fiery explosion engulfs your ball python!!!
Your ball python's corpse dissolves into shadows!
The fiery explosion engulfs you!!
You die...

**,,,,,,* *#...#,,,,*****,,**,*
*****,,,* #...#***,* *,,**,, *
**,** #...# *,# *,,**** *,*
#####...####.#* *,,* *
******,**#...........#,** *,,****
,,,,,,,,,...........##*,* *,,,,,,
******,**#....§§§§...#,****,*****
*,* ****#§§○####.#* *,,,* * ***,*
#§§@# *** **,** * *,,,* #..§# *,*
*,*** #...# ****,****
*,********##)##** *,,,,,,,*
*,,,,,,,,,,...,,* *,**,**,**
*,,,**,*,,.#.##,* *,**,,,,,,
****,,,,,,,,..#.#*,*****,*****,**
,,,,,,,,,,,..,.#.,,,,,,,,*****,**
****,,,,*,#..,#*#,,****,,,,,,,,*


There were no monsters in sight!

Vanquished Creatures
  A necrophage (D:2)
  Natasha (D:2)
  An adder (D:3)
  2 worms (D:2)
  A dart slug (D:2)
  2 orcs (D:3)
  7 ball pythons
  5 endoplasms
  4 giant cockroaches
  4 goblins
  3 hobgoblins (D:1)
  4 kobolds
  3 bats
  3 frilled lizards
  2 rats (D:1)
43 creatures vanquished.

Vanquished Creatures (collateral kills)
  A quokka (D:3)
1 creature vanquished.

Grand Total: 44 creatures vanquished

Notes
Turn   | Place    | Note
-------+----------+-------------------------------------------
     0 | D:1      | Alarak the Hill Orc Monk began the quest for the Orb.
     0 | D:1      | Reached XP level 1. HP: 19/19 MP: 1/1
   231 | D:1      | Reached XP level 2. HP: 23/26 MP: 2/2
   272 | D:1      | Reached skill level 5 in Axes
   519 | D:1      | Reached XP level 3. HP: 31/31 MP: 3/3
   775 | D:1      | Found a faded altar of an unknown god.
  1207 | D:2      | Found an ancient bone altar of Kikubaaqudgha.
  1446 | D:2      | Noticed Natasha
  1452 | D:2      | Reached skill level 6 in Axes
  1454 | D:2      | Killed Natasha
  1455 | D:2      | Reached XP level 4. HP: 39/39 MP: 4/4
  1741 | D:2      | Noticed a necrophage
  1764 | D:2      | Killed a necrophage
  1765 | D:2      | Reached skill level 7 in Axes
  1765 | D:2      | Reached XP level 5. HP: 30/45 MP: 5/5
  2079 | D:3      | HP: 1/45 [spore (44)]
  2079 | D:3      | Killed by an exploding adder... ignited by their inner
                  | flame

Illustrated notes

Levels and vault maps discovered:
D:1:      tarquinn_simple_flora_water_b, layout_basic,
          shapermc_ecumenical_altar_totnotflames
D:2:      layout_basic, basic_altar, uniq_natasha
D:3:      layout_loops_cross, nemelex_spade_bored_becter,
          mainiacjoe_overflow_paths

Skill      XL: |  1  2  3  4 |
---------------+-------------+-----
Axes           | 5 6 7 |  7.6
Fighting       | |  3.6
Dodging        | |  2.4
Stealth        | |  1.5

Action                   |  1- 3 |  4- 6 || total
-------------------------+-------+-------++-------
Melee: Hand axe          |    89 |    36 ||   125
  Use: Scroll            |     3 |     7 ||    10
 Stab: Sleeping          |     1 |       ||     1
Armor: Robe              |     8 |       ||     8
       Ring mail         |     9 |    11 ||    20
       Plate armour      |       |     1 ||     1
Dodge: Dodged            |    61 |    23 ||    84

Table legend: (Time is in decaauts)
 A = Elapsed time spent in this place.
 B = Non-inter-level travel time spent in this place.
 C = Inter-level travel time spent in this place.
 D = Time resting spent in this place.
 E = Time spent auto-exploring this place.
 F = Levels seen in this place.
 G = Mean time per level.
                   A        B        C        D        E       F      G
               +--------+--------+--------+--------+--------+-----+--------+
         Total |   2080 |   1866 |    214 |    124 |   1378 |   3 |  693.3 |
       Dungeon |   2080 |   1866 |    214 |    124 |   1378 |   3 |  693.3 |
               +--------+--------+--------+--------+--------+-----+--------+

Top non-repeatable levels by time:
     D:1: 1030 daAuts
     D:2: 1022 daAuts
     D:3: 28 daAuts
